 Dungeon Crawl Stone Soup version 0.27-a0-577-ge2a43ba0c9 (webtiles) character file.

Game seed: 11719708627368474236

295 dickylongcocking the Conjurer (level 6, -11/41 HPs)
             Began as a Human Fire Elementalist on Mar 9, 2021.
             Shot with an arrow by a centaur (15 damage)
             ... on level 3 of the Dungeon.
             The game lasted 00:02:16 (2223 turns).

dickylongcocking the Conjurer (HuFE)                Turns: 2223, Time: 00:02:17

Health: -11/41     AC:  3    Str:  8    XL:     6   Next: 61%
Magic:  1/9        EV: 12    Int: 17    God:
Gold:   96         SH:  0    Dex: 14    Spells: 8/9 levels left

rFire    . . .     SeeInvis .   b - +0 short sword
rCold    . . .     Faith    .   (no shield)
rNeg     . . .     Spirit   .   a - +0 robe
rPois    .         Reflect  .   c - +0 helmet
rElec    .         Harm     .   (no cloak)
rCorr    .         Rampage  .   (no gloves)
Will     .....                  (no boots)
Stlth    ++........             (no amulet)
HPRegen  0.13/turn              (no ring)
MPRegen  0.11/turn              (no ring)

@: no status effects
A: no striking features
a: no special abilities


You were on level 3 of the Dungeon.
You visited 1 branch of the dungeon, and saw 3 of its levels.

You collected 96 gold pieces.

Inventory:

Hand Weapons
 b - a +0 short sword (weapon)
Armour
 a - a +0 robe (worn)
 c - a +0 helmet (worn)
Jewellery
 d - a +6 ring of strength
Scrolls
 f - a scroll of identify {unknown}
 h - a scroll of teleportation {unknown}


   Skills:
 - Level 2.1 Dodging
 - Level 2.0 Stealth
 - Level 2.0 Spellcasting
 * Level 6.0 Conjurations
 - Level 3.2 Fire Magic


You had 8 spell levels left.
You knew the following spells:

 Your Spells              Type           Power      Damage    Failure   Level
a - Foxfire               Conj/Fire      68%        2x1d7     3%          1

Your spell library contained the following spells:

 Spells                   Type           Power      Damage    Failure   Level
 Conjure Flame            Conj/Fire      17%        6-21      9%          3
 Sticky Flame             Conj/Fire      17%        2d4       28%         4
 Inner Flame              Hex/Fire       7%         N/A       30%         3
 Fireball                 Conj/Fire      8%         3d6       63%         5


Dungeon Overview and Level Annotations

Branches:
Dungeon (3/15)

Altars:
Zin

Portals:
Sewer: D:3

Annotations:
D:3 Robin


Message History

Confirm with . or Enter, or press ? or * to list all spells.
You conjure some foxfire!
The river rat bites you but does no damage.
Unknown command.
Your foxfire dissipates!
You closely miss the rat. The river rat closely misses you. The rat misses you.
You barely miss the rat. The river rat misses you. The rat closely misses you.
You closely miss the rat.
A centaur comes into view. It is wielding a +0 short sword.
The river rat barely misses you. The rat completely misses you.
The centaur shouts!
You hit the rat.
You kill the rat!
The river rat bites you but does no damage.
The centaur unwields a +0 short sword.
The centaur wields a +0 shortbow.
The centaur shoots an arrow.
The arrow hits you!
* * * LOW HITPOINT WARNING * * *
You aren't carrying any potions.
Unknown command.
As you read the scroll labelled AREPEHA ZIBE, it crumbles to dust.
You assume a fearsome visage.
The river rat looks frightened! x2
The hobgoblin looks frightened!
The goblin looks frightened!
The centaur looks frightened!
It was a scroll of fear.
Cornered, the river rat turns to fight!
Cornered, the goblin turns to fight!
The centaur cries, "Oh nooooooo!"
Cornered, the hobgoblin turns to fight!
You see here a leopard gecko corpse.
Casting: Foxfire (safe; 3% risk of failure)
Confirm with . or Enter, or press ? or * to list all spells.
You conjure some foxfire!
The river rat bites you.
* * * LOW HITPOINT WARNING * * *
Unknown command.
The foxfire hits the river rat.
You kill the river rat!
The foxfire hits the hobgoblin.
The hobgoblin is moderately wounded.
The centaur shoots an arrow.
The arrow hits you.
* * * LOW HITPOINT WARNING * * *
The centaur shoots an arrow.
The arrow hits you!
You die...

.... ###g.#≈≈≈
....... ..#..# rr
..... #.#..###† ...
####.#....r.
#.###....#.#....
###.#<#+#....#....
#<...........#....
#.(.......).......
####@.....).#.#....##
#.........†...#....#
#...........########
#......#r####
#...g.!#.####
#...g..#rg..#
#.#..†...#g##.+
#....c####r# +
#####.####r#


You could see a centaur, a river rat (wandering), a hobgoblin and a goblin.

Vanquished Creatures
  Sigmund (D:2)
  Jessica (D:2)
  5 adders
  A river rat (D:3)
  A worm (D:2)
  A dart slug (D:1)
  2 leopard geckos
  4 orcs (D:3)
  2 giant cockroaches
  2 goblins
  4 hobgoblins
  5 jackals (D:1)
  A quokka (D:2)
  4 ball pythons
  4 bats
  2 frilled lizards (D:1)
  5 kobolds
  6 rats
51 creatures vanquished.

Vanquished Creatures (others)
  137 foxfires
  4 toadstools (D:1)
141 creatures vanquished.

Grand Total: 192 creatures vanquished

Notes
Turn   | Place    | Note
-------+----------+-------------------------------------------
     0 | D:1      | dickylongcocking the Human Fire Elementalist began the
                  | quest for the Orb.
     0 | D:1      | Reached XP level 1. HP: 13/13 MP: 3/3
    97 | D:1      | Reached XP level 2. HP: 17/19 MP: 3/5
   337 | D:1      | Reached skill level 2 in Conjurations
   552 | D:1      | Reached XP level 3. HP: 18/24 MP: 1/6
   844 | D:2      | Noticed Jessica
   866 | D:2      | Killed Jessica
   867 | D:2      | Reached skill level 3 in Conjurations
   867 | D:2      | Reached XP level 4. HP: 30/30 MP: 1/7
  1276 | D:2      | Noticed Sigmund
  1295 | D:2      | Killed Sigmund
  1296 | D:2      | Reached skill level 5 in Conjurations
  1296 | D:2      | Reached XP level 5. HP: 33/35 MP: 1/8
  1296 | D:2      | Reached XP level 6. HP: 38/41 MP: 1/9
  2060 | D:2      | Found a glowing silver altar of Zin.
  2169 | D:3      | Found a glowing drain.
  2171 | D:3      | Noticed Robin
  2173 | D:3      | Reached skill level 6 in Conjurations
  2223 | D:3      | Shot with an arrow by a centaur

Illustrated notes

Levels and vault maps discovered:
D:1:      ldierk_walled_garden_2, layout_rooms
D:2:      layout_basic, general_overflow_altar, uniq_sigmund, uniq_jessica
D:3:      minmay_diamond_boxcup, layout_basic, marbit_many_paths,
          lemuel_doored_altar, portal_sewer_entry_c, kennysheep_generic_room_4,
          uniq_natasha, uniq_robin, uniq_crazy_yiuf_cottage

Skill      XL: |  1  2  3  4  5  6 |
---------------+-------------------+-----
Conjurations   | 2 3 5 6 |  6.0
Dodging        | |  2.1
Stealth        | |  2.0
Spellcasting   | |  2.0
Fire Magic     | |  3.2

Action                   |  1- 3 |  4- 6 || total
-------------------------+-------+-------++-------
Melee: Short sword       |    26 |    53 ||    79
 Cast: Foxfire           |    46 |    38 ||    84
  Use: Potion            |       |     2 ||     2
       Scroll            |       |     1 ||     1
 Stab: Sleeping          |       |     5 ||     5
Armor: Robe              |    11 |     6 ||    17
Dodge: Dodged            |    40 |    61 ||   101

Table legend: (Time is in decaauts)
 A = Elapsed time spent in this place.
 B = Non-inter-level travel time spent in this place.
 C = Inter-level travel time spent in this place.
 D = Time resting spent in this place.
 E = Time spent auto-exploring this place.
 F = Levels seen in this place.
 G = Mean time per level.
                   A        B        C        D        E       F      G
               +--------+--------+--------+--------+--------+-----+--------+
         Total |   2241 |   2188 |     53 |     58 |   1710 |   3 |  747.0 |
       Dungeon |   2241 |   2188 |     53 |     58 |   1710 |   3 |  747.0 |
               +--------+--------+--------+--------+--------+-----+--------+

Top non-repeatable levels by time:
     D:2: 1438 daAuts
     D:1: 715 daAuts
     D:3: 87 daAuts
